 Dungeon Crawl Stone Soup version 0.25-a0-447-gff83419037 (webtiles) character file.

Game seed: 3643937052897079718, levelgen mode: deterministic

513 Emblim88 the Ruffian (level 7, -5/102 HPs)
             Began as a Troll Monk on Jan 31, 2020.
             Slain by a gnoll
             ... wielding a +0 whip
              (9 damage)
             ... on level 3 of the Dungeon.
             The game lasted 00:03:51 (1948 turns).

Emblim88 the Ruffian (Troll Monk)                   Turns: 1948, Time: 00:03:52

Health: -5/102     AC:  6    Str: 27    XL:     7   Next: 0%
Magic:  7/7        EV: 10    Int:  6    God:
Gold:   127        SH:  0    Dex: 12    Spells: 6/6 levels left

rFire    . . .     SeeInvis .     - Unarmed
rCold    . . .     Gourm    +   (no shield)
rNeg     . . .     Faith    .   a - +0 robe
rPois    .         Spirit   .   (helmet restricted)
rElec    .         Reflect  .   (no cloak)
rCorr    .         Harm     .   (gloves unavailable)
MR       .....                  (boots unavailable)
Stlth    ..........             (no amulet)
HPRegen  0.67/turn              (no ring)
MPRegen  0.10/turn              (no ring)

@: berserking (expiring), very quick
A: large, unfitting armour, claws 3, fast metabolism 3, gourmand, regeneration
1, shaggy fur 1, tough skin 3
a: no special abilities


You were on level 3 of the Dungeon.
You were very full.

You visited 1 branch of the dungeon, and saw 3 of its levels.

You collected 127 gold pieces.

Inventory:

Hand Weapons
 p - a +1 hunting sling of freezing
Missiles
 c - 60 stones (quivered)
Armour
 a - a +0 robe (worn)
Wands
 h - a wand of iceblast (10)
Scrolls
 d - a scroll of fear {unknown}
 e - a scroll of noise {unknown}
 j - 3 scrolls of identify {unknown}
 k - 2 scrolls of blinking {unknown}
 n - 2 scrolls of remove curse {unknown}
 s - a scroll of enchant weapon {unknown}
Potions
 f - 2 potions of resistance {unknown}
 g - 2 potions of cancellation {unknown}
 i - a potion of might {unknown}
 l - a potion of berserk rage
 m - a potion of brilliance {unknown}
 o - a potion of heal wounds {unknown}
 q - a potion of flight {unknown}
 r - a potion of curing {unknown}
Comestibles
 b - 7 rations
 t - 3 chunks of flesh


   Skills:
 + Level 3.9 Fighting
 + Level 3.1 Throwing
 - Level 2.4 Dodging
 - Level 1.0 Stealth
 + Level 4.7 Unarmed Combat
 + Level 2.3 Evocations


You had 6 spell levels left.
You didn't know any spells.
Your spell library contained the following spells:

 Spells                   Type           Power        Failure   Level  Hunger
 Animate Skeleton         Necr           N/A          45%         1    ##.....
 Apportation              Tloc           #.....       45%         1    ##.....
 Corona                   Hex            #......      45%         1    ##.....
 Summon Small Mammal      Summ           #...         45%         1    ##.....


Dungeon Overview and Level Annotations

Branches:
Dungeon (3/15)

Altars:


Innate Abilities, Weirdness & Mutations

You are too large for most types of armour.
You have claws for hands.
Your metabolism is lightning-fast.
You like to eat raw meat.
Your natural rate of healing is unusually fast.
You are covered in fur. (AC +1)
You have extremely tough skin. (AC +3)


Message History

It was a potion of berserk rage.
A red film seems to cover your vision as you go berserk!
You feel yourself moving faster!
You feel mighty!
The gnoll shouts!
The gnoll closely misses you.
You mangle the gnoll!!
You kill the gnoll!
A gnoll comes into view. It is wielding a +0 spear.
You claw the gnoll!
The gnoll is almost dead.
The gnoll hits you with a +0 whip!
* * * LOW HITPOINT WARNING * * *
The gnoll sergeant hits you from afar with a +0 trident of venom.
* * * LOW HITPOINT WARNING * * *
You mangle the gnoll!!
You kill the gnoll!
You have reached level 7!
You are too berserk!
The gnoll sergeant closely misses you. The gnoll hits you with a +0 whip!
You die...

≈#...############################
≈###+# ≈≈.# ≈≈.# ≈≈.# ≈≈.# ≈≈.#
≈≈.# #'############### ≈≈.#
#..g.gg@)....'... ≈≈.#
#.^.g.g)#....#... ≈###
#......)#....# ≈#.
#############''''########### ≈#gg
#...........................
≈#####≈≈≈≈≈≈≈≈≈≈≈≈....≈≈≈≈≈≈≈≈≈≈≈
≈≈≈≈≈≈≈≈≈≈≈≈≈≈≈≈≈≈....≈≈≈≈≈≈≈≈≈≈≈
≈≈≈≈≈≈≈≈≈≈≈≈≈≈≈≈≈≈....≈≈≈≈≈≈≈≈≈≈≈
P......).........................


You could see a gnoll sergeant and 4 gnolls.

Vanquished Creatures
  Sigmund (D:3)
  An ogre (D:2)
  A gnoll shaman (D:3)
  An orc wizard (D:3)
  Terence (D:3)
  9 gnolls (D:3)
  2 adders
  2 worms
  A dart slug (D:1)
  4 leopard geckos
  3 orcs (D:3)
  4 bats
  3 giant cockroaches
  6 hobgoblins
  14 jackals (D:3)
  5 frilled lizards
  7 goblins
  7 kobolds
  6 rats
78 creatures vanquished.

Notes
Turn   | Place    | Note
-------+----------+-------------------------------------------
     0 | D:1      | Emblim88 the Troll Monk began the quest for the Orb.
     0 | D:1      | Reached XP level 1. HP: 22/22 MP: 0/0
   244 | D:1      | Reached XP level 2. HP: 26/29 MP: 1/1
   504 | D:1      | Reached skill level 1 in Throwing
   928 | D:2      | Noticed an ogre
   934 | D:2      | Killed an ogre
   934 | D:2      | Reached skill level 1 in Evocations
   934 | D:2      | Reached XP level 3. HP: 15/37 MP: 2/2
   934 | D:2      | Reached XP level 4. HP: 19/45 MP: 3/3
  1334 | D:3      | Reached XP level 5. HP: 53/53 MP: 4/4
  1404 | D:3      | Noticed Sigmund
  1428 | D:3      | Killed Sigmund
  1428 | D:3      | Reached skill level 4 in Unarmed Combat
  1428 | D:3      | Reached XP level 6. HP: 29/61 MP: 4/6
  1637 | D:3      | Noticed Terence
  1731 | D:3      | Killed Terence
  1946 | D:3      | HP: 3/93 [gnoll sergeant/+0 trident of venom (5)]
  1947 | D:3      | Reached XP level 7. HP: 3/68 MP: 7/7
  1948 | D:3      | Slain by a gnoll

Levels and vault maps discovered:
D:1:      dpeg_arrival_houses_and_road, layout_loops_ring,
          kennysheep_small_spiral
D:2:      layout_rooms, first_ration, item_on_display_a
D:3:      lemuel_castle_with_subvaults [lemuel_castle_interior_carwin_3],
          layout_basic, uniq_terence, uniq_jessica, uniq_sigmund

Skill      XL: |  1  2  3  4  5  6 |
---------------+-------------------+-----
Throwing       | 1 2 3 |  3.1
Fighting       | 3 |  3.9
Evocations     | 1 2 |  2.3
Unarmed Combat | 4 |  4.7
Dodging        | |  2.4
Stealth        | |  1.0

Action                   |  1- 3 |  4- 6 |  7- 9 || total
-------------------------+-------+-------+-------++-------
Melee: Unarmed           |    62 |   146 |       ||   208
       Punch             |       |     6 |       ||     6
Throw: Stone             |       |    70 |       ||    70
  Use: Potion            |       |     1 |       ||     1
 Stab: Sleeping          |     4 |     1 |       ||     5
  Eat: Chunk             |    12 |    11 |       ||    23
Armor: Robe              |    11 |    53 |       ||    64
Dodge: Dodged            |    26 |    82 |     1 ||   109

Table legend:
 A = Non-vault XP
 B = Vault XP
 C = Vault XP percentage of total XP
 D = Non-vault monster count
 E = Vault monster count
 F = Vault count percentage of total count
                 A         B        C        D         E       F
            +---------+---------+-------+---------+---------+-------
      Total |     274 |     459 |  62.6 |      52 |      26 |  33.3
            +---------+---------+-------+---------+---------+-------
        D:1 |      32 |       0 |   0.0 |      22 |       0 |   0.0
        D:2 |     154 |       0 |   0.0 |      12 |       0 |   0.0
        D:3 |      88 |     459 |  83.9 |      18 |      26 |  59.1
            +---------+---------+-------+---------+---------+-------
